[Event "Kwalificatie NJK B Groningen"]
[Site "Hoogkerk, Netherlands"]
[Date "2023.02.18"]
[Round "3.6"]
[White "Krylov, Philippe"]
[Black "Chua, Ethan"]
[Result "1-0"]
[TimeControl "55 min. + 10 sec./zet"]
[WhiteElo "1862"]
[BlackElo "1718"]

1. d4 Nf6 2. c4 e6 3. Nc3 Bb4 4. e3 O-O 5.
Nge2 b6 6. a3 Bxc3+ 7. Nxc3
Bb7 8. Bd3 d5 9. cxd5 exd5 10. b4 Re8 11. O-O Nbd7 12. Bb2 a6 13. Rc1 Rc8 14. Na4 Qe7 15. Qe2 b5 16. Nc5 Nxc5 17.
dxc5 c6 18. Bd4 Rcd8 19. Qb2 Bc8 20. h3 h6 21. Rcd1 Nh5 22. Be2 Nf4 23. Bf3 Ne6 24. Rfe1 Qh4 25. Bg4 Nxd4 26. Rxd4 Qf6 27. Bxc8 Rxc8 28. Qd2 Rcd8 29.
e4 dxe4 30. Rexe4 Rxe4 31. Rxd8+ Kh7 32. Rd6 Qe5 33. Qd3 g6 34. g3 Re1+ 35. Kg2 Ra1 36.
Qf3 Kg7 37. Rxc6 Re1 38. Rxa6 Qa1 39. Ra7 Qa2 40. Qc3+ Kh7 41. Qxe1 Qd5+ 42. Kg1 h5 43.
Qe2 Qf5 44. Kg2 Kg7 45. Qf3 Qe6 46.
h4 Qc4 47. Ra6 Qd4 48. Rd6 Qe5 49. Rd7 Qe6 50. Qd5 Qe8 51.
c6 g5 52. c7 gxh4 53. Qxf7+ 1-0

[Event "Kwalificatie NJK B Groningen"]
[Site "Hoogkerk, Netherlands"]
[Date "2023.02.18"]
[Round "3.7"]
[White "Niemeijer, LÃ©on"]
[Black "Roorda, Cas"]
[Result "1/2-1/2"]
[TimeControl "55 min. + 10 sec./zet"]
[WhiteElo "1860"]
[BlackElo "1654"]

1. d4 Nf6 2. c4 e6 3. g3 d5 4. Bg2 Be7 5. Nf3 O-O 6. O-O dxc4 7. Ne5 Nbd7 8. Nxc4 Nb6 9.
Nxb6 axb6 10. Nc3 c5 11.
d5 exd5 12. Nxd5 Nxd5 13. Qxd5 Qxd5 14.
Bxd5 Rd8 15. e4 Bf6 16. Rb1 Be6 17. Bxe6 fxe6 18. a3 Bd4 19. Re1 Rf8 20. Be3 Ra4 21. Bxd4 Rxd4 22. Rbd1 Rfd8 23. Rxd4 Rxd4 24. Re2 g5 25. f3 e5 26. Kf2 Rd3 27.
Kg2 Kf7 28. Rf2 Ke6 29. Kh3 h5 30.
Kg2 b5 31. Kf1 Re3 32. Kg2 g4 33. fxg4 hxg4 34. h4 Rxe4 35. h5 Rd4 36. Rf8 Rd7 37.
Rh8 Kf6 38. h6 Re7 39. Rc8 1/2-1/2

[Event "Kwalificatie NJK B Groningen"]
[Site "Hoogkerk, Netherlands"]
[Date "2023.02.18"]
[Round "3.8"]
[White "Sapulette, Jay-Giani"]
[Black "Gergin, Isafara"]
[Result "1/2-1/2"]
[TimeControl "55 min. + 10 sec./zet"]
[WhiteElo "1489"]
[BlackElo "1688"]

1. e4 c5 2. Nf3 Nc6 3. d4 cxd4 4. Nxd4 Nf6 5. Nc3 e5 6. Ndb5 d6 7. Bg5 a6 8. Na3 b5 9.
Nd5 Be7 10. Bxf6 Bxf6 11. c4 b4 12.
Nc2 a5 13. Bd3 O-O 14. O-O Bg5 15. Qe2 Be6 16. g3 Ne7 17.
Nce3 Bxe3 18. Qxe3 Nxd5 19. cxd5 Bh3 20. Rfc1 Qd7 21. Rc6 Rac8 22. Qb6 Qg4 23.
Bf1 Bxf1 24. Rxf1 Qxe4 25. Rxd6 a4 26. Qb5 a3 27. bxa3 bxa3 28. Rb1 Rc2 29. Qb3 Rfc8 30. Rc6 R2xc6 31. dxc6 Qxc6 32. Qxa3 g6 33. Qb2 Qd5 34.
a4 Ra8 35. Qc2 Qd4 36. Re1 Rxa4 37. Qb1 Rb4 38. Qa2 Rb2 39. Qa8+ Kg7 40. Qf3 f5 41. h4 e4 42. Qf4 Qd2 43. Qc7+ Kh6 44. Rf1 Rc2 45. Qe7 e3 46. Qg5+ Kg7 47. Qe7+ Kg8 48. Qe8+ Kg7 49. Qe7+ Kg8 1/2-1/2

[Event "Kwalificatie NJK B Groningen"]
[Site "Hoogkerk, Netherlands"]
[Date "2023.02.18"]
[Round "3.9"]
[White "Van Hesselingen, Guido"]
[Black "Westerhof, Fleur"]
[Result "1-0"]
[TimeControl "55 min. + 10 sec./zet"]
[WhiteElo "1908"]
[BlackElo "1623"]

1. e4 e5 2. Nf3 Nc6 3. Bc4 Bc5 4. O-O Nf6 5. d3 d6 6. Bg5 h6 7. Bh4 a6 8. c3 g5 9. Bg3 Bg4 10. Nbd2 Qd7 11. Re1 Na5 12. d4 Ba7 13. dxe5 Nh5 14. exd6 cxd6 15. Bd5 O-O-O 16. a4 Nxg3 17. hxg3 Nc6 18. b4 Ne5 19. Nxe5 dxe5 20. Qb3 Qd6 21. Nc4 Qf6 22. Ne3 Bh5 23. a5 Rhf8 24. b5 axb5 25. Qxb5 Qa6 26. c4 Bd4 27. Rab1 Rd7 1-0

[Event "Kwalificatie NJK B Groningen"]
[Site "Hoogkerk, Netherlands"]
[Date "2023.02.18"]
[Round "4.1"]
[White "Snijders, Take"]
[Black "Terlouw, Wouter"]
[Result "0-1"]
[TimeControl "55 min. + 10 sec./zet"]
[WhiteElo "1848"]
[BlackElo "1925"]

1. e4 c5 2. Nf3 Nc6 3. d4 cxd4 4. Nxd4 e5 5. Nb5 d6 6.
N1c3 Nf6 7. Nd5 Nxd5 8. exd5 Nb8 9. c4 Be7 10. Be2 O-O 11. O-O a6 12. Nc3 f5 13. b4 Qb6 14. Qb3 f4 15. Ba3 Bf5 16.
Na4 Qc7 17. c5 Nd7 18. Rac1 Kh8 19. Rc3 e4 20. Rfc1 Ne5 21. Nb6 Rad8 22. Bb2 Bf6 23.
R3c2 e3 24. Bxe5 Bxe5 25. Bd3 f3 26. Bxf5 Rxf5 27. fxe3 dxc5 28. bxc5 Bxh2+ 29. Kf1 fxg2+ 30. Kxg2 Qg3+ 31. Kh1 Rdf8 32. Qd3 Rh5 33. Rg2 Qf3 34. Qe2 Bf4+ 35. Kg1 Bxe3+ 0-1

[Event "Kwalificatie NJK B Groningen"]
[Site "Hoogkerk, Netherlands"]
[Date "2023.02.18"]
[Round "4.2"]
[White "Ritzerveld, Noah"]
[Black "Blom, Rens"]
[Result "1-0"]
[TimeControl "55 min. + 10 sec./zet"]
[WhiteElo "1868"]
[BlackElo "1758"]

1. e4 d6 2. d4 Nf6 3. Nc3 g6 4. Be3 Bg7 5. Qd2 O-O 6. O-O-O c6 7. f3 b5 8. g4 Qa5 9. Kb1 Be6 10.
Nd5 Qxd2 11. Nxf6+ Bxf6 12. Rxd2 Na6 13. Ne2 Rfc8 14. Nf4 Rab8 15. d5 cxd5 16. exd5 Bd7 17. Bxa7 Ra8 18. Bd4 Bg5 19.
Be3 Nb4 20. a3 Na6 21. c3 Nc5 22. h4 Bh6 23. Re2 Bf8 24. Kc2 f5 25. Rg1 b4 26. axb4 Na4 27. Bd4 fxg4 28. fxg4 Bh6 29.
Rxe7 Bxf4 30. Rxd7 Rab8 31. Rg7+ Kf8 32. Rxh7 Be5 33. Bxe5 dxe5 34. Rh8+ Ke7 35. Rxc8 Rxc8 36. Bd3 Nb6 37. Bxg6 Nxd5 38. Kb3 Kf6 39. Be4 Ne3 40. g5+ Kg7 41.
h5 Nc4 42. h6+ Kh8 43. Rd1 1-0

[Event "Kwalificatie NJK B Groningen"]
[Site "Hoogkerk, Netherlands"]
[Date "2023.02.18"]
[Round "4.3"]
[White "Lee, Jungmin"]
[Black "Krylov, Philippe"]
[Result "0-1"]
[TimeControl "55 min. + 10 sec./zet"]
[WhiteElo "1600"]
[BlackElo "1862"]

1. d4 d5 2. c4 c6 3. g3 Nf6 4. Bg2 Bf5 5. Nf3 e6 6. O-O Nbd7 7. cxd5 cxd5 8. Nc3 Bb4 9. Bg5 Bxc3 10. bxc3 Rc8 11. Qb3 Qb6 12.
e3 O-O 13. Nh4 Bd3 14. Rfc1 h6 15. Bxf6 Nxf6 16. Bf1 Bxf1 17. Kxf1 Ne4 18. Nf3 Qa6+ 19. Kg2 Rc7 20. Rc2 Rfc8 21.
Rac1 b6 22. Nd2 Nxd2 23. Rxd2 Rc4 24. Rdc2 Qa5 25. h4 b5 26. Kf3 Ra4 27. e4 Ra3 28. Qb2 b4 29. exd5 exd5 30. Kg2 Raxc3 31. Rxc3 bxc3 32. Qb7 Rc7 33. Qb8+ Kh7 34. Qb3 Rc4 35. Qb7 Qxa2 36. Qxd5 Qd2 37. Rb1 Qd3 38. Rb7 c2 39. Qxf7 Qe4+ 40.
Kh3 Qh1+ 41. Kg4 Rxd4+ 42. Kh5 Qd5+ 43. Qxd5 Rxd5+ 0-1

[Event "Kwalificatie NJK B Groningen"]
[Site "Hoogkerk, Netherlands"]
[Date "2023.02.18"]
[Round "4.4"]
[White "Van Foreest, Nanne"]
[Black "Ponomarev, Ivan"]
[Result "1-0"]
[TimeControl "55 min. + 10 sec./zet"]
[WhiteElo "1862"]
[BlackElo "1801"]

1. d4 Nf6 2. Bf4 g6 3. Nf3 Bg7 4. c4 O-O 5. Nc3 d6 6. e3 Nbd7 7. Be2 Nh5 8. Bg3 Nxg3 9. hxg3 c5 10.
O-O Nf6 11. dxc5 dxc5 12. Qxd8 Rxd8 13. Rad1 Bf5 14. Nh4 Bg4 15. f3 Be6 16. g4 Nd7 17. Nd5 Bxd5 18. Rxd5 e6 19. Rd2 Nb6 20.
Rxd8+ Rxd8 21. f4 Rd2 22. Rf2 Rxb2 23. Bf1 Rb1 24. Rc2 Na4 25. Rd2 Nc3 26. Nf3 Rd1 27. Rc2 Ra1 28. Rd2 Rxa2 29.
Rd8+ Bf8 30. Rd7 Rb2 31. Ng5 f6 32. Nxe6 Bh6 33. g5 fxg5 34.
fxg5 a5 35. gxh6 a4 36. Rg7+ Kh8 37. Rf7 1-0

[Event "Kwalificatie NJK B Groningen"]
[Site "Hoogkerk, Netherlands"]
[Date "2023.02.18"]
[Round "4.5"]
[White "Roorda, Cas"]
[Black "Van Hesselingen, Guido"]
[Result "1-0"]
[TimeControl "55 min. + 10 sec./zet"]
[WhiteElo "1654"]
[BlackElo "1908"]

1. e4 e5 2. Nf3 Nc6 3. Bc4 Bc5 4. c3 Nf6 5. d3 d6 6. O-O O-O 7. Re1 Bg4 8. Nbd2 Re8 9.
h3 Be6 10. b4 Bb6 11. Qb3 Nh5 12. Bxe6 Rxe6 13. Nc4 Nb8 14. a4 c6 15. Nxb6 Qxb6 16. Be3 Qc7 17. b5 Nd7 18. Rab1 Ree8 19. bxc6 bxc6 20. Qb7 Rec8 21. g3 Qd8 22. Qa6 Nb8 23.
Qc4 Nd7 24. Rb7 Rc7 25. Reb1 Nb6 26. Bxb6 Rxb7 27. Bxd8 Rxb1+ 28. Kg2 Rxd8 29. Qxc6 Rb6 30. Qc7 Rdb8 31. Qxa7 h6 32. Nd2 Nf6 33. Nc4 R6b7 34. Qa6 d5 35. Nxe5 Rb6 36. Qa5 dxe4 37. d4 Rb2 38. Nc4 Ra2 39. Qa7 Rf8 40. Ne3 Rd8 41. d5 Rd2 42. c4 g6 43. Qe7 Ra8 44.
Qxf6 Rxa4 45. d6 Ra6 46.
Nd5 e3 47. Ne7+ Kh7 48. Qxf7+ Kh8 49. Qg8# 1-0

[Event "Kwalificatie NJK B Groningen"]
[Site "Hoogkerk, Netherlands"]
[Date "2023.02.18"]
[Round "4.6"]
[White "Wortman, Rawi"]
[Black "Niemeijer, LÃ©on"]
[Result "0-1"]
[TimeControl "55 min. + 10 sec./zet"]
[WhiteElo "1619"]
[BlackElo "1860"]

1. e4 e6 2. d4 d5 3. Nd2 c5 4. exd5 Qxd5 5. Ngf3 cxd4 6.
Bc4 Qd7 7. Nb3 Nc6 8. Nbxd4 a6 9.
O-O Bd6 10. Re1 Qc7 11. Be3 Nge7 12. Bb3 O-O 13. Qd2 b5 14. Rad1 Rd8 15. Qe2 Bb7 16. h3 Nxd4 17. Bxd4 Nc6 18.
Bc3 b4 19. Bd2 Na5 20. Ba4 Nc4 21. Bc1 Nb6 22. Bb3 a5 23. a3 bxa3 24. bxa3 Bxf3 25. gxf3 a4 26. Ba2 Rac8 27. Bb1 Nd5 28. Bd2 Bxa3 29. Qe4 Qc4 30. Qe5 Bd6 31.
Qg5 Be7 32. Qg3 Nc3 33. Bxc3 Qxc3 34. Kh1 a3 35. Rg1 Rxd1 36. Rxd1 Qb2 0-1

[Event "Kwalificatie NJK B Groningen"]
[Site "Hoogkerk, Netherlands"]
[Date "2023.02.18"]
[Round "4.7"]
[White "Lopes, Samuel"]
[Black "Haque, Nishaaz"]
[Result "1-0"]
[TimeControl "55 min. + 10 sec./zet"]
[WhiteElo "1826"]
[BlackElo "1669"]

1. e4 c5 2. Nf3 Nc6 3. Bb5 e6 4. O-O Nge7 5. c3 a6 6. Bxc6 Nxc6 7. d4 d5 8. e5 Be7 9. Be3 c4 10. Nbd2 O-O 11.
b3 b5 12. a4 Bb7 13. b4 h6 14.
Qb1 Qd7 15. a5 Qc7 16. Re1 f6 17. Bf4 f5 18. h3 g5 19. Bg3 Bd8 20. Rf1 Qh7 21.
Ne1 f4 22. Qxh7+ Kxh7 23. Bh2 Ne7 24. g3 Ng6 25. g4 Bc6 26. Ng2 f3 27. Ne1 Ra7 28. Ndxf3 Raf7 29. Nd2 Nf4 30. Bxf4 gxf4 31. Nef3 Rg7 32. Kh2 Be8 33. Rg1 Rfg8 34. Kh1 Bg6 35. Rae1 Bd3 36. Rg2 h5 37. Reg1 Be4 38. Nxe4 dxe4 39. Nd2 e3 40. fxe3 fxe3 41. Nf1 Bg5 42. Re2 Bh6 43. Nxe3 Bxe3 44. Rxe3 hxg4 45. hxg4 Rg6 46. Rg2 R8g7 47. Kh2 Rh6+ 48. Rh3 Rxh3+ 49. Kxh3 Rf7 50. Kg3 Rf1 51. Rf2 Rg1+ 52. Kf4 Rc1 53. Rf3 Kg6 54. Ke4 Kg5 55. Rf6 Rxc3 56. Rxe6 Rc1 57.
Rxa6 c3 58. Rc6 Kxg4 59. a6 Re1+ 60. Kd5 Ra1 61. Rxc3 Rxa6 62. Rc6 1-0

[Event "Kwalificatie NJK B Groningen"]
[Site "Hoogkerk, Netherlands"]
[Date "2023.02.18"]
[Round "4.8"]
[White "Koppenens, Oscar"]
[Black "Knippenberg, Hidde"]
[Result "0-1"]
[TimeControl "55 min. + 10 sec./zet"]
[WhiteElo "1572"]
[BlackElo "1721"]

1. e4 c5 2. c3 g6 3. d4 cxd4 4. cxd4 Bg7 5. Nc3 Nc6 6. Be3 Nf6 7. Be2 O-O 8. Nf3 d5 9. e5 Ne8 10. Nd2 Nc7 11.
O-O a5 12. a3 Ne6 13. Nb3 a4 14.
Nc1 Bd7 15. Nxd5 f6 16. f4 Rb8 17. Na2 Nexd4 18. Bxd4 Be6 19. Nxe7+ Qxe7 20. exf6 Bxf6 21. Bxf6 Qxf6 22. Qxa4 Qxb2 23. Qb5 Qxa3 24. Bc4 Qe3+ 25.
Kh1 Bxc4 26. Qxc4+ Kh8 27. Nc3 Qd4 28. Qb3 Rxf4 29. Rfd1 Qb4 30. Qc2 Rc4 31. Rd3 Ne5 32. Re3 Rbc8 33. Rxe5 Qxc3 34. Qxc3 Rxc3 35. Ree1 b5 36. h3 b4 37. Kh2 b3 38. Ra7 b2 39. Rb1 Rb8 40. Ra2 Rc2 41. Kg3 Rb7 42. Kf3 Kg7 43. g4 Kh6 44. h4 Rb3+ 45. Kf4 Rc4+ 46. Ke5 Rb5+ 47. Kd6 Rxg4 48. Rbxb2 Rxb2 49. Rxb2 Kh5 50. Ke5 Rxh4 51. Rg2 Kh6 52. Kf6 Rf4+ 53. Ke5 Rf5+ 54. Ke4 Kg7 55. Ra2 h5 56. Ra3 Rf6 57. Rg3 Kh6 58. Ke5 Rf1 59. Ra3 h4 60. Ke4 Kh5 61. Ra5+ Kg4 62. Ke3 g5 63. Ke2 Rf5 64. Ra3 h3 65. Ra8 h2 0-1

[Event "Kwalificatie NJK B Groningen"]
[Site "Hoogkerk, Netherlands"]
[Date "2023.02.18"]
[Round "4.9"]
[White "Waersegers, Brent"]
[Black "Fallaux, Storm"]
[Result "0-1"]
[TimeControl "55 min. + 10 sec./zet"]
[WhiteElo "1702"]
[BlackElo "1643"]

1. e4 c5 2. Nf3 d6 3. d4 cxd4 4. Nxd4 Nf6 5. Nc3 a6 6. Be2 e5 7. Nb3 Be6 8. O-O Be7 9. Be3 O-O 10. f4 Nc6 11. f5 Bxb3 12. axb3 b5 13. Rf3 b4 14. Na4 Nxe4 15. Qd5 Nd4 16. Bxd4 Ng5 17. Rd3 exd4 18. h4 Rc8 19. c4 dxc3 20. bxc3 bxc3 21. Nxc3 Rxc3 22.
Rxc3 Bf6 23. hxg5 Bxc3 24. Rxa6 Qxg5 25. Rxd6 Qe3+ 26. Kf1 Re8 27. Qd3 Qf4+ 28. Kg1 Bb4 29. Rc6 Bd2 30. Qf3 Qd4+ 31. Kh1 Qh4+ 32. Kg1 Qe1+ 33. Kh2 Qh4+ 34. Kg1 h6 35. g3 Qd4+ 36. Kg2 Re3 37. Qf2 Qe4+ 38. Bf3 Qxf5 39. b4 Qd3 40.
b5 Be1 41. Rc8+ Kh7 42. Qc2 Rxf3 43. Qxd3+ Rxd3 44. b6 Rb3 45. Rb8
Ba5 0-1

[Event "Kwalificatie NJK B Groningen"]
[Site "Hoogkerk, Netherlands"]
[Date "2023.02.19"]
[Round "5.1"]
[White "Terlouw, Wouter"]
[Black "Ritzerveld, Noah"]
[Result "0-1"]
[TimeControl "55 min. + 10 sec./zet"]
[WhiteElo "1925"]
[BlackElo "1868"]

1. d4 d5 2. c4 c6 3. Nc3 Nf6 4. Nb1 Ng8 5. Nc3 Nf6 6. Nf3 dxc4 7. a4 Bf5 8. Ne5 Nbd7 9. Nxc4 Qc7 10. e3 e5 11. Nxe5 Nxe5 12. dxe5 Qxe5 13. Qb3 Bd6 14.
Qxb7 O-O 15. Bc4 Ne4 16. Bxf7+ Kh8 17. Nxe4 Bxe4 18. f3 Rab8 19.
Qa6 Bb4+ 20. Ke2 Rxf7 21. fxe4 Rd8 22. Rf1 Qh5+ 23.
Rf3 Rxf3 24. h3 Rf6+ 25. g4 Qxh3 0-1

[Event "Kwalificatie NJK B Groningen"]
[Site "Hoogkerk, Netherlands"]
[Date "2023.02.19"]
[Round "5.2"]
[White "Krylov, Philippe"]
[Black "Niemeijer, LÃ©on"]
[Result "0-1"]
[TimeControl "55 min. + 10 sec./zet"]
[WhiteElo "1862"]
[BlackElo "1860"]

1. d4 Nf6 2. c4 g6 3. Nc3 Bg7 4. e4 d6 5. f3 O-O 6. Bg5 c5 7. d5 Qa5 8. Qd2 a6 9. a4 e6 10.
Ra3 exd5 11. cxd5 Re8 12. Be2 Nfd7 13. Nh3 Nb6 14. Nf2 Bd7 15. h4 Qb4 16. a5 Nc4 17. Bxc4 Qxc4 18. Bf4 Be5 19.
Bxe5 Rxe5 20. f4 Re7 21. g4 f5 22. gxf5 gxf5 23. Rg1+ Kh8 24. Ne2 Bb5 25. Rag3 Nd7 26. Kf1 Qxe2+ 27. Qxe2 Bxe2+ 28. Kxe2 Nf6 29. e5 dxe5 30. d6 Re6 31. fxe5 Rxe5+ 32. Re3 Rae8 33. Rgg3 f4 0-1

[Event "Kwalificatie NJK B Groningen"]
[Site "Hoogkerk, Netherlands"]
[Date "2023.02.19"]
[Round "5.3"]
[White "Kleibeuker, Mika"]
[Black "Van Foreest, Nanne"]
[Result "0-1"]
[TimeControl "55 min. + 10 sec./zet"]
[WhiteElo "1698"]
[BlackElo "1862"]

1. e4 c5 2. c3 Nf6 3. e5 Nd5 4. d4 e6 5. Bc4 cxd4 6. cxd4 Nc6 7. Nf3 Be7 8. O-O d6 9. Qe2 O-O 10.
Rd1 Na5 11. Bd3 Nb4 12. Nc3 Nxd3 13. Rxd3 b6 14. b4 Nc4 15. Qe4 d5 16. Qg4 f5 17. Qh5 Qe8 18. Qxe8 Rxe8 19. a3 Bd7 20.
Bg5 Bf8 21. Rdd1 a5 22. bxa5 Rxa5 23. a4 Bb4 24. Na2 Ba3 25. Bc1 Bxc1 26. Rdxc1 Bxa4 27. Nb4 Bd7 28. Rxa5 bxa5 29. Na6 h6 30.
Nc5 Bc6 31. Kf1 Kf7 32. Ke1 Rb8 33. Nd2 Nb2 34. Rc2 a4 35. Nxe6 Nd3+ 36. Kd1 Nb4 37. Rxc6 Nxc6 38. Nc7 a3 39.
e6+ Kg8 0-1

[Event "Kwalificatie NJK B Groningen"]
[Site "Hoogkerk, Netherlands"]
[Date "2023.02.19"]
[Round "5.4"]
[White "Damen, Josephine"]
[Black "Snijders, Take"]
[Result "1/2-1/2"]
[TimeControl "55 min. + 10 sec./zet"]
[WhiteElo "1600"]
[BlackElo "1848"]

1. e4 c6 2. d4 d5 3. exd5 cxd5 4. c4 Nf6 5. Nc3 g6 6. Nf3 Bg7 7. c5 O-O 8. Be2 Nc6 9. a3 Re8 10.
O-O Ne4 11. Be3 e5 12. Bb5 Nxc3 13. bxc3 e4 14. Nd2 f5 15. Bf4 g5 16. Bd6 Bf8 17. Bxf8 Rxf8 18. Rb1 g4 19. h3 Qh4 20.
hxg4 fxg4 21. g3 Qh3 22. Re1 Rf6 23.
Bf1 Qh5 24. Qb3 Kh8 25. Bg2 Rf7 26. Nf1 Be6 27. Ne3 Raf8 28. Re2 Qg6 29. Kf1 Ne7 30. Ke1 Nf5 31. Kd2 Nxe3 32. fxe3 Rf2 33. Qxb7 Qf6 34. Rh1 Bg8 35.
Rh2 Rxe2+ 36. Kxe2 Qf2+ 37. Kd1 Qxg3 38. Qe7 Qxh2 39.
Qxf8 Qg1+ 40. Bf1 h5 41.
Qh6+ Bh7 42. Qf8+ Bg8 43. Qf6+ Kh7 44. c6 Be6 45. Ke2 Qh2+ 46. Kd1 Qg1 47. Qe7+ Kh8 48. Qe8+ Kg7 49. Qe7+ Kh8 50. Qf6+ Kh7 51. c7 Bc8 52. Qf7+ Kh6 53.
Qf4+ Kg6 54. Ke1 g3 55. Qd6+ Kh7 56. Qe7+ Kh6 57. Qf8+ Kg5 58. Qxc8 Qf2+ 59. Kd1 Qxf1+ 60. Kc2 Qd3+ 61. Kb2 Qe2+ 62. Kb3 Qc4+ 63.
Kb2 Qe2+ 64. Kb3 Qc4+ 1/2-1/2

[Event "Kwalificatie NJK B Groningen"]
[Site "Hoogkerk, Netherlands"]
[Date "2023.02.19"]
[Round "5.5"]
[White "Fallaux, Storm"]
[Black "Lopes, Samuel"]
[Result "1-0"]
[TimeControl "55 min. + 10 sec./zet"]
[WhiteElo "1643"]
[BlackElo "1826"]

1. e4 c5 2. Nf3 d6 3. d4 cxd4 4. Nxd4 Nf6 5. Nc3 Nc6 6. g3 g6 7. Bg2 Bd7 8. O-O Bg7 9. Be3 O-O 10.
Qd2 Ng4 11. Nxc6 Bxc6 12. Bd4 Nf6 13. Rad1 Qc7 14. Nd5 Bxd5 15. exd5 a6 16. Rfe1 Rfe8 17. b3 Rad8 18. c4 e5 19. dxe6 fxe6 20. Qb4 Rd7 21.
Bh3 Kf7 22. Bb6 Qb8 23. Re2 d5 24. Rde1 Rd6 25. Bd4 Nh5 26. cxd5 Bxd4 27. Qxd4 Nf6 28. Bxe6+ Kg7 29. g4 h6 30. h4 g5 31. hxg5 hxg5 32. Qe5 Rxd5 33. Qxb8 Rxb8 34. Bxd5 Nxd5 35. Re5 Nf4 36. Rxg5+ Kh6 37. Rf5 Nh3+ 38. Kg2 Ng5 39. f4 Nh7 40. Rh5+ Kg6 41. f5+ Kg7 42. Re7+ Kf6 43. Rexh7 Rg8 44. Kf3 Ke5 45.
f6+ Kxf6 46. Kf4 Ke6 47.
Rxb7 Kd6 48. Rb6+ Kc7 49. Rxa6 Kb7 50. Rf6 Kc7 51. Rh7+ Kb8 52. a4 Ka8 53. a5 Kb8 54. b4 Ka8 55. a6 Kb8 56. b5 Ka8 57. b6 Kb8 58. Rhf7 Ka8 59. Rf8+ Rxf8 60. Rxf8# 1-0

[Event "Kwalificatie NJK B Groningen"]
[Site "Hoogkerk, Netherlands"]
[Date "2023.02.19"]
[Round "5.6"]
[White "Blom, Rens"]
[Black "Roorda, Cas"]
[Result "0-1"]
[TimeControl "55 min. + 10 sec./zet"]
[WhiteElo "1758"]
[BlackElo "1654"]

1. c4 e5 2. Nc3 Nf6 3. Nf3 Nc6 4. a3 d5 5. cxd5 Nxd5 6. Qc2 Be6 7.
e3 Be7 8. Bd3 Qd7 9. Bb5 f6 10. d4 Nxc3 11. bxc3 a6 12. Bd3 f5 13. e4 fxe4 14. Bxe4 exd4 15. cxd4 Bd5 16. O-O Bxe4 17. Qxe4 O-O 18. Bb2 Qf5 19. Rfe1 Rae8 20. d5 Nb8 21.
Qc4 Bd6 22. Qd4 Qg6 23. Ne5 Qf6 24. Re2 Bxe5 25. Rxe5 Rxe5 26. f4 Ree8 27. Qd2 Qxf4 28. Qd3 Qf2+ 0-1

[Event "Kwalificatie NJK B Groningen"]
[Site "Hoogkerk, Netherlands"]
[Date "2023.02.19"]
[Round "5.7"]
[White "Knippenberg, Hidde"]
[Black "Blok, Xaveer"]
[Result "1-0"]
[TimeControl "55 min. + 10 sec./zet"]
[WhiteElo "1721"]
[BlackElo "1581"]

1. b3 e5 2. Bb2 Nc6 3. e3 d5 4.
Bb5 Nge7 5. Bxe5 a6 6. Bxc6+ Nxc6 7. Bb2 Bf5 8. Nf3 Qd7 9. d3 O-O-O 10. Nbd2 f6 11.
Qe2 Bc5 12. O-O-O Rhe8 13. h3 d4 14. e4 Bg6 15. g4 Qe7 16. Nh4 Bf7 17. f4 g6 18. Rdf1 Ba3 19. Nhf3 Bxb2+ 20. Kxb2 Qb4 21.
Nb1 f5 22. e5 Rd5 23. Qd2 Qb6 24. Rc1 a5 25.
c4 dxc3+ 26. Nxc3 Rd7 27. Na4 Qb5 28. Rhd1 Nd4 29. Nxd4 Rxd4 30. Qc3 Qd7 31. Nc5 Qd8 32. Qxa5 c6 33. Qa8+ Kc7 34. Qxb7# 1-0

[Event "Kwalificatie NJK B Groningen"]
[Site "Hoogkerk, Netherlands"]
[Date "2023.02.19"]
[Round "5.8"]
[White "Ambrona Navarro, Himar"]
[Black "Westerhof, Fleur"]
[Result "0-1"]
[TimeControl "55 min. + 10 sec./zet"]
[WhiteElo "1847"]
[BlackElo "1623"]

1. d4 d5 2. c4 e6 3. Nc3 Nf6 4. cxd5 exd5 5. Bg5 Be7 6. e3 O-O 7. Bd3 c6 8. h3 Re8 9. Nf3 Nbd7 10.
O-O Nf8 11. Qc2 g6 12. Bf4 Ne6 13. Bh2 Ng7 14. Rfe1 Bd6 15. Bxd6 Qxd6 16. a3 Bf5 17. e4 dxe4 18. Nxe4 Nxe4 19. Bxe4 Bxe4 20. Rxe4 Rxe4 21. Qxe4 Re8 22. Qd3 Ne6 23. Qb3 Re7 24. Rd1 Rd7 25. Rd2 Nf4 26. Ne5 Re7 27. Qg3 Rxe5 28. dxe5 Qxd2 29. Qh4 Ne2+ 30. Kh2 Qf4+ 31. Qxf4 Nxf4 32.
Kg3 Nd3 33. Kf3 Nxe5+ 34. Ke4 Nc4 35.
b4 Nxa3 36. Kd4 Kf8 37. Kc5 Ke7 38. f4 Nb5 39. g4 h6 40. Kc4 Ke6 41. Kc5 h5 42. Kc4 hxg4 43. hxg4 f6 44. Kc5 g5 45. fxg5 fxg5 46. Kc4 Ke5 47. Kd3 Kf4 48. Ke2 Kxg4 49. Kf1 Kf3 50. Kg1 g4 0-1

[Event "Kwalificatie NJK B Groningen"]
[Site "Hoogkerk, Netherlands"]
[Date "2023.02.19"]
[Round "5.9"]
[White "Ponomarev, Ivan"]
[Black "Sterk, Ralf"]
[Result "1-0"]
[TimeControl "55 min. + 10 sec./zet"]
[WhiteElo "1801"]
[BlackElo "1592"]

1. c4 e5 2. g3 c6 3. d4 exd4 4. Qxd4 Nf6 5. e4 c5 6. Qd3 Nc6 7. Nc3 d6 8. Nf3 Bg4 9. Bg2 Nd7 10. Bf4 Bxf3 11. Qxf3 g5 12. Be3 Nde5 13. Qe2 Na5 14. Rd1 Rc8 15. Bxg5 Qxg5 16. f4 Qg4 17. fxe5 Qxe2+ 18.
Kxe2 Nxc4 19. exd6 Bxd6 20. b3 Be5 21. Bh3 Rb8 22. bxc4 Bxc3 23. Rd7 Bd4 24. Rb1 O-O 25. Rbxb7 Rxb7 26. Rxb7 a5 27. Bd7 Kg7 28. Kf3 Kg6 29. Bf5+ Kg7 30. g4 Re8 31. h4 h6 32. a4 Kf6 33. Rb6+ Kg7 34. Bd7 Re7 35. Bf5 Re8 36. Rb5 Ra8 37. Bd7 Ra7 38. Bc6 Ra6 39. Bd5 Ra7 40. Kf4 f6 41.
Rb6 Re7 42. Ra6 Bc3 43. Rc6 Bd4 44. g5 hxg5+ 45. hxg5 fxg5+ 46. Kxg5 Re5+ 47. Kf4 Re7 48. Rb6 Bc3 49. Rb5 Bb4
50. e5 Bc3 51. e6 Bb4 52. Ke5 Bc3+ 53. Kd6 Kf6 54. Rb7 Be5+ 55. Kc6
Rxb7 56. Kxb7 Ke7 57. Kb6 Bc3 58. Kxc5 Bb4+ 59. Kc6 Bc3 60. c5 Bb4 61. Kb6 Kd8 62. c6 Kc8 63. Be4 Be7 64. Kxa5 Kc7 65. Kb5 Bd6 66. a5 Be7 67. a6 Kb8 68. c7+ Kc8 69. a7 Bc5 70. a8=Q+ Kxc7 71. Qc6+ 1-0

[Event "Kwalificatie NJK B Groningen"]
[Site "Hoogkerk, Netherlands"]
[Date "2023.02.19"]
[Round "6.1"]
[White "Ritzerveld, Noah"]
[Black "Fallaux, Storm"]
[Result "1-0"]
[TimeControl "55 min. + 10 sec./zet"]
[WhiteElo "1868"]
[BlackElo "1643"]

1. e4 c5 2. Nf3 d6 3. d4 cxd4 4. Nxd4 Nf6 5. Nc3 a6 6. f3 e5 7. Nb3 Be6 8. Be3 Be7 9. Qd2 Nbd7 10. g4 b5 11. g5 Nh5 12. Nd5 Bxd5 13. exd5 O-O 14.
Na5 Re8 15. O-O-O Rc8 16. Nc6 Qc7 17.
Bh3 f6 18. Be6+ Kh8 19. Bf7 Nf4 20.
Bxe8 Rxe8 21. Bxf4 exf4 22. Qxf4 fxg5 23. Qf7 Nf6 24. Rhe1 Ne4 25. Qxe8+ Bf8 26. Qxf8# 1-0

[Event "Kwalificatie NJK B Groningen"]
[Site "Hoogkerk, Netherlands"]
[Date "2023.02.19"]
[Round "6.2"]
[White "Niemeijer, LÃ©on"]
[Black "Terlouw, Wouter"]
[Result "0-1"]
[TimeControl "55 min. + 10 sec./zet"]
[WhiteElo "1860"]
[BlackElo "1925"]

1. d4 Nf6 2. c4 e6 3. g3 Bb4+ 4. Bd2 Be7 5. Bg2 d5 6. Nf3 c6 7. Qc2 O-O 8. O-O Nbd7 9. b3 b6 10.
cxd5 cxd5 11. Nc3 Ba6 12. Rfc1 Ba3 13. Re1 Rc8 14. Bc1 Bb4 15. Bd2 Ne4 16. Ng5 Nxg5 17. h4 Ne4 18. Bxe4 dxe4 19.
Qb2 e3 20. fxe3 Nf6 21. Ne4 Nxe4 22. Bxb4 Qc7 23. Rf1 Qxg3+ 24. Kh1 Bb7 0-1

[Event "Kwalificatie NJK B Groningen"]
[Site "Hoogkerk, Netherlands"]
[Date "2023.02.19"]
[Round "6.3"]
[White "Van Foreest, Nanne"]
[Black "Knippenberg, Hidde"]
[Result "1-0"]
[TimeControl "55 min. + 10 sec./zet"]
[WhiteElo "1862"]
[BlackElo "1721"]

1. e4 c5 2. c3 g6 3. d4 cxd4 4. cxd4 e5 5. Nf3 exd4 6. Qxd4 f6 7. Bc4 Nc6 8. Qd5 Qe7 9. O-O Nb4 10.
Qd1 d6 11. Qb3 1-0

[Event "Kwalificatie NJK B Groningen"]
[Site "Hoogkerk, Netherlands"]
[Date "2023.02.19"]
[Round "6.4"]
[White "Roorda, Cas"]
[Black "Ponomarev, Ivan"]
[Result "1-0"]
[TimeControl "55 min. + 10 sec./zet"]
[WhiteElo "1654"]
[BlackElo "1801"]

1. e4 c5 2. Nf3 e6 3. d4 cxd4 4.
Nxd4 Nc6 5. Nc3 a6 6. Bf4 Bb4 7. Nxc6 Bxc3+ 8. bxc3 dxc6 9. Qd3 Ne7 10. Rd1 Qxd3 11. cxd3 Ng6 12. Bd6 e5 13.
d4 exd4 14. cxd4 Be6 15. Rd2 O-O-O 16. Bc5 Rhe8 17. f3 Ne7 18. Bd3 f5 19. O-O f4 20. Rc1 Kb8 21. Rb2 Ka8 22. Rcb1 b5 23. a4 Ng6 24. axb5 cxb5 25.
Bxb5 axb5 26. Rxb5 1-0